 Dungeon Crawl Stone Soup version 0.27.1-35-g4d5d836560 (webtiles) character file.

Game seed: 1274628703021130941

921 Froggeryz the Firebug (level 8, 0/48 HPs)
             Began as an Octopode Fire Elementalist on Oct 5, 2022.
             Slain by an orc (6 damage)
             ... on level 5 of the Dungeon.
             The game lasted 00:08:05 (5304 turns).

Froggeryz the Firebug (Octopode Fire Elementalist)  Turns: 5304, Time: 00:08:05

Health: 0/48       AC:  1    Str:  7    XL:     8   Next: 10%
Magic:  12/12      EV: 13    Int: 18    God:
Gold:   185        SH:  0    Dex: 14    Spells: 3/13 levels left

rFire    . . .     SeeInvis .   g - +1 short sword (elec)
rCold    . . .     Faith    .   (no shield)
rNeg     . . .     Spirit   .   (helmet restricted)
rPois    .         Reflect  .   (no amulet)
rElec    .         Harm     .   (no ring)
rCorr    .         Rampage  .   (no ring)
Will     .....                  (no ring)
Stlth    ++++......             (no ring)
HPRegen  0.16/turn              (no ring)
MPRegen  0.13/turn              (no ring)
                                (no ring)
                                (no ring)

@: brilliant, on berserk cooldown, slowed, very slow
A: almost no armour, amphibious, 8 rings, camouflage 1, gelatinous body 1,
(nimble swimmer 1), tentacles
a: no special abilities


You were on level 5 of the Dungeon.
You visited 2 branches of the dungeon, and saw 6 of its levels.

You collected 185 gold pieces.

Inventory:

Hand Weapons
 g - a +1 short sword of electrocution (weapon)
Missiles
 j - 27 poisoned darts
Magical Staves
 h - a staff of earth
Wands
 o - a wand of flame (15)
Scrolls
 b - 2 scrolls of silence {unknown}
 d - 3 scrolls of teleportation
 e - a scroll of blinking
 n - a scroll of vulnerability {unknown}
Potions
 c - a potion of haste {unknown}
 f - a potion of brilliance
 i - a potion of might {unknown}
 k - a potion of magic
 l - a potion of heal wounds {unknown}
 m - a potion of curing {unknown}
 p - a potion of lignification {unknown}


   Skills:
 - Level 1.0 Fighting
 - Level 1.0 Short Blades
 - Level 2.0 Dodging
 - Level 4.2 Stealth
 - Level 3.0 Spellcasting
 + Level 5.2 Conjurations
 + Level 6.8 Fire Magic


You had 3 spell levels left.
You knew the following spells:

 Your Spells              Type           Power      Damage    Failure   Level
a - Foxfire               Conj/Fire      100%       2x1d9     1%          1
b - Sticky Flame          Conj/Fire      36%        2d6       14%         4
c - Fireball              Conj/Fire      18%        3d9       36%         5

Your spell library contained the following spells:

 Spells                   Type           Power      Damage    Failure   Level
 Conjure Flame            Conj/Fire      36%        6-21      4%          3
 Inner Flame              Hex/Fire       22%        N/A       12%         3
 Stone Arrow              Conj/Erth      36%        3d9       17%         3
 Ozocubu's Armour         Ice            4%         N/A       43%         3
 Bolt of Magma            Conj/Fire/Erth 12%        4d8       65%         5
 Cause Fear               Hex            2%         N/A       85%         4
 Ozocubu's Refrigeration  Ice            2%         4d5       100%        7
 Discord                  Hex            2%         N/A       100%        8
 Shatter                  Erth           2%         3d6*      100%        9


Dungeon Overview and Level Annotations

Branches:
Dungeon (5/15)             Temple (1/1) D:4

Altars:
Cheibriados
Dithmenos
Elyvilon
Hepliaklqana
Makhleb
Ru
Sif Muna
Wu Jian
Xom
Yredelemnul
Zin
The Shining One

Shops:
D:5 [


Innate Abilities, Weirdness & Mutations

You cannot wear most types of armour.
You are amphibious.
You can wear up to eight rings at the same time.
Your skin changes colour to match your surroundings (Stealth+).
Your rubbery body absorbs attacks. (AC +1, EV +1)
((You are camouflaged near water. (Stealth+)))
You have tentacles for arms and can constrict up to eight enemies at once.


Message History

You're too confused to cast spells.
Sorry, you're not good enough to have a special ability.
It was a potion of brilliance.
You feel clever all of a sudden.
It was a potion of magic.
Magic courses through your body.
It was a potion of berserk rage.
A red film seems to cover your vision as you go berserk!
You feel yourself moving faster!
You feel mighty! Something barely misses you.
You bump into the rock wall.
You feel a strong urge to attack something.
Something barely misses you.
You barely miss something. Something hits you but does no damage.
You miss something.
You feel less confused. Something hits you.
* * * LOW HITPOINT WARNING * * *
You hit something. You miss something. Something hits you.
* * * LOW HITPOINT WARNING * * *
You puncture something!
You hear some strange, mumbled words.
A magic dart appears from out of thin air!
The magic dart hits you.
* * * LOW HITPOINT WARNING * * *
You miss something. Something hits you.
* * * LOW HITPOINT WARNING * * *
You barely miss something. You puncture something!
Reactivating autopickup.
You feel a bit more experienced.
You hit the orc.
You kill the orc!
You are no longer berserk.
You are exhausted.
You feel yourself slow down. The orc barely misses you.
Items here: )) [ ††.
You hit the orc. You grab the orc.
The orc is moderately wounded.
You constrict the orc. The orc hits you with a +0 mace.
You die...

# #.#####.............# #.#.
#.............#.# ###'#.#
#.#.#.........#.# #.....#
#.#.#.#.#####.#.# #.....#
#.#.#...# #.#.# #.....
#.#.#########.#.# #.....
..#...........#.#
####....##################.#
.......))....ooo@..# #.#
........##########.#######.#
.)....).# #............#
........# #.##.#########
........# #....# ....#####
###### .... ... ##


You could see 3 orcs.

Vanquished Creatures
  A wyvern (D:5)
  Edmund (D:4)
  A black bear (D:4)
  An ogre (D:3)
  A phantom (D:4)
  Blork the orc (D:4)
  A gnoll shaman (D:3)
  An orc priest (D:5)
  An iguana (D:4)
  3 orc wizards (D:5)
  A hound skeleton (D:4)
  4 gnolls
  2 adders (D:2)
  2 adder zombies (D:3)
  An adder skeleton (D:3)
  3 worms
  3 dart slugs
  8 orcs (D:5)
  4 ball pythons
  7 endoplasms
  3 giant cockroaches
  4 goblins
  6 hobgoblins
  8 jackals
  11 kobolds
  3 quokkas
  A ball python skeleton (D:3)
  A bat (D:1)
  2 frilled lizards
  2 quokka zombies (D:3)
  7 rats
95 creatures vanquished.

Vanquished Creatures (others)
  176 foxfires
176 creatures vanquished.

Grand Total: 271 creatures vanquished

Notes
Turn   | Place    | Note
-------+----------+-------------------------------------------
     0 | D:1      | Froggeryz the Octopode Fire Elementalist began the quest
                  | for the Orb.
     0 | D:1      | Reached XP level 1. HP: 11/11 MP: 3/3
   244 | D:1      | Reached XP level 2. HP: 18/18 MP: 5/5
   270 | D:1      | Found a faded altar of an unknown god.
   605 | D:1      | Reached skill level 1 in Fighting
   741 | D:1      | Reached XP level 3. HP: 23/23 MP: 3/6
  1414 | D:2      | Found a white marble altar of Elyvilon.
  1555 | D:2      | Reached skill level 4 in Fire Magic
  1555 | D:2      | Reached XP level 4. HP: 17/28 MP: 3/7
  1557 | D:2      | Reached skill level 1 in Short Blades
  2190 | D:3      | Noticed an ogre
  3038 | D:3      | Killed an ogre
  3039 | D:3      | Reached XP level 5. HP: 33/33 MP: 2/8
  3093 | D:4      | Noticed Edmund
  3123 | D:3      | Learned a level 4 spell: Sticky Flame
  3157 | D:3      | Reached skill level 5 in Fire Magic
  3157 | D:3      | Reached XP level 6. HP: 16/38 MP: 3/9
  3663 | D:4      | Killed Edmund
  3797 | D:4      | Noticed a black bear
  3806 | D:4      | Killed a black bear
  3807 | D:4      | Reached XP level 7. HP: 43/43 MP: 3/10
  3886 | D:4      | Found a staircase to the Ecumenical Temple.
  3907 | D:4      | Found a glowing golden altar of the Shining One.
  3910 | Temple   | Entered the Ecumenical Temple
  4146 | D:4      | Learned a level 5 spell: Fireball
  4225 | D:4      | Noticed Blork the orc
  4238 | D:4      | Killed Blork the orc
  4239 | D:4      | Reached skill level 6 in Fire Magic
  4873 | D:5      | Entered Level 5 of the Dungeon
  4887 | D:5      | Found Deluk's Antique Armour Shop.
  4895 | D:5      | Noticed a wyvern
  4905 | D:5      | Killed a wyvern
  5100 | D:5      | Reached skill level 5 in Conjurations
  5100 | D:5      | Reached XP level 8. HP: 38/48 MP: 12/12
  5304 | D:5      | Slain by an orc

Illustrated notes

Levels and vault maps discovered:
D:1:      minmay_arrival_three_doors, layout_loops_ring,
          hellmonk_ecumenical_altar_dog_temple, st_stairs_9
D:2:      layout_loops_cross, basic_altar
D:3:      layout_rooms, serial_undead, serial_undead_c, serial_undead_a,
          serial_undead_e, serial_undead_f
D:4:      layout_cave_pools, overflow_temple_1_default,
          minmay_temple_entry_crystal_x, uniq_edmund, uniq_blork_the_orc
D:5:      layout_basic, chequers_temple_overflow_statue_of_worship,
          serial_shops, kennysheep_mini_moat, minmay_holes,
          nicolae_take_the_stairs, minmay_misc_feat_hallway,
          amcnicky_mini_rare_corridor_liquid, kennysheep_generic_room_12,
          uniq_prince_ribbit1, uniq_ijyb
Temple:   cyrus_temple_forest

Skill      XL: |  1  2  3  4  5  6  7 |
---------------+----------------------+-----
Fighting       | 1 |  1.0
Fire Magic     | 4 5 6 |  6.8
Short Blades   | 1 |  1.0
Conjurations   | 2 4 5 |  5.2
Stealth        | 3 4 |  4.2
Spellcasting   | 3 |  3.0
Dodging        | |  2.0

Action                   |  1- 3 |  4- 6 |  7- 9 || total
-------------------------+-------+-------+-------++-------
Melee: Short sword       |    39 |    44 |    47 ||   130
       Unarmed           |     3 |       |       ||     3
       Constrict         |    15 |    10 |     7 ||    32
       Tentacles         |     9 |     6 |     4 ||    19
 Cast: Foxfire           |    40 |    49 |    24 ||   113
       Sticky Flame      |       |     2 |     2 ||     4
  Use: Scroll            |       |     3 |       ||     3
       Potion            |       |       |     3 ||     3
 Stab: Sleeping          |     4 |     8 |     2 ||    14
Armor: Skin              |     8 |     3 |     2 ||    13
Dodge: Dodged            |    59 |    30 |    17 ||   106
